AoeStats
← shadow

Arena

510052003Analyzed
2v2 RM · 4d ago on Sep 29, 2026· 40m 47s· 4 players
Game mode
Random Map
Map size
Medium (4 player)
Population
200
Speed
Normal
Resources
Standard
Victory
Conquest
Starting age
Dark Age
Ending age
Imperial Age
RankedLock teamsTeams togetherTeam positionsShared explorationLock speedFull tech treeHidden civsTurbo modeCheats
Victory
Defeat
🇹🇷 Ethiopians · Türkiye
949
+14
🇷🇺 Goths · Russia
901
+16
🇭🇰 Mongols · Hong Kong SAR China
896
-42
🇨🇳 Magyars · China
896
-42
3978324772
3:43 Loom
10:33 Feudal Age
12:13 Wheelbarrow
11:29 Double-Bit Axe
11:26 Horse Collar
11:39 Gold Mining
12:20 Stone Mining
20:41 Castle Age
19:27 Fletching
19:38 Padded Archer Armor
20:49 Bloodlines
21:37 Hand Cart
21:45 Heavy Plow
21:58 Bow Saw
22:30 Gold Shaft Mining
25:07 Stone Shaft Mining
24:51 Husbandry
25:11 Leather Archer Armor
26:22 Bodkin Arrow
26:56 Thumb Ring
32:30 Imperial Age
30:42 Ballistics
34:18 Chemistry
33:27 Bracer
33:52 Conscription
34:03 Parthian Tactics
33:11 Onager
35:11 Elite Mangudai
38:02 Siege Onager
shadow
3:22 Loom
11:26 Feudal Age
13:44 Double-Bit Axe
17:19 Horse Collar
19:42 Gold Mining
19:58 Stone Mining
24:56 Wheelbarrow
27:02 Scale Barding Armor
29:31 Castle Age
29:05 Bloodlines
30:58 Thumb Ring
31:44 Corvinian Army
34:26 Chain Barding Armor
38:28 Husbandry
37:49 Light Cavalry
Fedor
0:37 Loom
11:53 Feudal Age
16:20 Castle Age
15:08 Double-Bit Axe
15:08 Horse Collar
15:42 Gold Mining
16:08 Stone Mining
18:33 Bow Saw
19:48 Heavy Plow
22:30 Wheelbarrow
23:38 Scale Mail Armor
26:08 Hand Cart
29:37 Imperial Age
27:37 Town Watch
28:53 Anarchy
28:56 Squires
30:07 Elite Huskarl
31:24 Forging
31:55 Crop Rotation
32:45 Two-Man Saw
32:25 Chain Mail Armor
32:46 Iron Casting
33:24 Perfusion
33:13 Pikeman
37:51 Conscription
38:35 Blast Furnace
all.eyes.on.farms
10:20 Feudal Age
14:08 Castle Age
12:25 Horse Collar
12:32 Double-Bit Axe
15:22 Bow Saw
15:51 Heavy Plow
16:15 Loom
21:35 Stone Mining
26:01 Gold Mining
29:45 Imperial Age
28:31 Forging
28:21 Scale Mail Armor
28:41 Squires
29:41 Gold Shaft Mining
29:49 Wheelbarrow
29:04 Town Watch
29:46 Elite Shotel Warrior
31:00 Conscription
30:58 Royal Heirs
32:04 Stone Shaft Mining
32:07 Hand Cart
32:24 Chain Mail Armor
32:14 Arson
33:10 Iron Casting
35:24 Two-Man Saw
36:34 Plate Mail Armor
38:22 Masonry
38:19 Siege Engineers
39:15 Chemistry
38:36 Ballistics
38:07 Guard Tower
38:13 Murder Holes
38:28 Careening
38:39 Shipwright
38:30 Fortified Wall
38:10 Heated Shot
38:31 Clinker Construction
38:38 Torsion Engines
38:10 Sappers
39:46 Blast Furnace
38:49 Caravan
38:56 Town Patrol
40:03 Chemistry
39:24 Ballistics
39:21 Siege Engineers
39:27 Fortified Wall
39:08 Guard Tower
39:34 Clinker Construction
39:58 Scale Barding Armor
Connection lost

Rejoining the realm…

Still unreachable

The connection could not be restored.

Session expired

The server has moved on; the page needs a fresh start.